 Dungeon Crawl Stone Soup version 0.29-a0-541-gaf1fc19f1b (webtiles) character file.

Game seed: 8699711722903047

1425 bande the Chopper (level 8, -1/49 HPs)
             Began as a Gargoyle Fighter on June 2, 2022.
             Slain by a gnoll
             ... wielding a +0 flail
             ... led by a gnoll sergeant
              (6 damage)
             ... on level 6 of the Dungeon.
             The game lasted 00:08:27 (5925 turns).

bande the Chopper (Gargoyle Fighter)                Turns: 5925, Time: 00:08:27

Health: -1/49      AC: 21    Str: 20    XL:     8   Next: 72%
Magic:  8/8        EV:  4    Int:  9    God:
Gold:   337        SH:  9    Dex: 15    Spells: 5/7 levels left

rFire   . . .      SeeInvis +   a - +1 war axe
rCold   . . .      Faith    .   r - +0 kite shield
rNeg    + . .      Spirit   .   h - +0 plate armour
rPois   ∞          Reflect  .   (no helmet)
rElec   +          Harm     .   s - +1 cloak of the Pink Corner {Dex+4}
rCorr   .          Rampage  .   (no gloves)
Will    .....                   m - +0 pair of boots
Stlth   ..........              (no amulet)
HPRegen 0.16/turn               f - ring of see invisible
MPRegen 0.11/turn               (no ring)

@: no status effects
A: sickness immunity, AC +5, negative energy resistance 1, electricity
resistance, torment resistance 1, petrification resistance
a: no special abilities


You were on level 6 of the Dungeon.
You visited 2 branches of the dungeon, and saw 7 of its levels.

You collected 337 gold pieces.

Inventory:

Hand Weapons
 a - a +1 war axe (weapon)
 i - a +0 flail
 q - a +0 war axe
Armour
 h - a +0 plate armour (worn)
 m - a +0 pair of boots (worn)
 r - a +0 kite shield (worn)
 s - the +1 cloak of the Pink Corner (worn) {Dex+4}
   (You found it on level 5 of the Dungeon)

   Dex:       It affects your dexterity (+4).
Jewellery
 f - a ring of see invisible (left hand)
Wands
 k - a wand of iceblast (10)
 p - a wand of flame (24)
Scrolls
 b - a scroll of fog
 c - a scroll of teleportation
 e - a scroll of fear
 l - a scroll of magic mapping
 t - 2 scrolls of immolation
Potions
 d - a potion of might
 g - a potion of cancellation
 j - 2 potions of berserk rage
 n - 3 potions of curing
 o - a potion of lignification {unknown}


   Skills:
 + Level 5.1 Fighting
 + Level 6.0 Axes
 + Level 5.4 Armour
 + Level 4.6 Shields
 * Level 3.5 Translocations
 * Level 3.0 Evocations


You had 5 spell levels left.
You knew the following spells:

 Your Spells              Type           Power      Damage    Failure   Level
a - Blink                 Tloc           12%        N/A       100%        2

Your spell library contained the following spells:

 Spells                   Type           Power      Damage    Failure   Level
 Lesser Beckoning         Tloc           6%         N/A       100%        3
 Ozocubu's Armour         Ice            0%         N/A       100%        3
 Manifold Assault         Tloc           6%         N/A       100%        5
 Metabolic Englaciation   Hex/Ice        0%         N/A       100%        5
 Simulacrum               Ice/Necr       0%         N/A       100%        6
 Storm Form               Tmut/Air       0%         N/A       100%        7


Dungeon Overview and Level Annotations

Branches:
Dungeon (6/15)             Temple (1/1) D:4

Altars:
Ashenzari
Dithmenos
Elyvilon
Fedhas
Gozag
Kikubaaqudgha
Makhleb
Nemelex Xobeh
Qazlal
Sif Muna
Trog
Uskayaw
Vehumet
Wu Jian
Xom
Yredelemnul
Zin
The Shining One

Shops:
D:4 [   D:5 (

Annotations:
D:3 2 transporters, IdlyInterested's ghost, amateur DsGl


Innate Abilities, Weirdness & Mutations

You are immune to sickness and miasma.
Your stone body is resilient. (AC +5)
You are immune to poison.
You resist negative energy. (rN+)
You are resistant to electric shocks. (rElec)
You are resistant to unholy torment.
You are immune to petrification.


Message History

The gnoll sergeant hits you but does no damage.
The gnoll sergeant blocks your attack.
The gnoll sergeant is almost dead.
The gnoll sergeant hits you with a +0 spear.
The gnoll sergeant blocks your attack.
The gnoll sergeant is almost dead.
The gnoll sergeant hits you with a +0 spear.
* * * LOW HITPOINT WARNING * * *
You slash the gnoll sergeant!
You kill the gnoll sergeant!
The gnoll barely misses you.
Your Axes skill increases to level 6!
Your Evocations skill increases to level 3!
You slash the gnoll!
You kill the gnoll!
You closely miss the gnoll. The gnoll hits you with a +0 club.
* * * LOW HITPOINT WARNING * * *
The gnoll hits you but does no damage.
You slash the gnoll!
The gnoll is heavily wounded.
The gnoll hits you but does no damage.
You hit the gnoll.
The gnoll is severely wounded.
You block the gnoll's attack.
You barely miss the gnoll.
The gnoll is severely wounded.
You block the gnoll's attack. The gnoll hits you but does no damage.
You barely miss the gnoll.
The gnoll is severely wounded.
You block the gnoll's attack.
You slash the gnoll!
You kill the gnoll!
You hit the gnoll but do no damage. The gnoll hits you but does no damage.
The gnoll barely misses you.
You barely miss the gnoll. The gnoll hits you with a +0 flail!
* * * LOW HITPOINT WARNING * * *
You closely miss the gnoll. You block the gnoll's attack. x2
You barely miss the gnoll. The gnoll hits you but does no damage.
You barely miss the gnoll. The gnoll hits you with a +0 flail.
You die...

# .. .... . . ... #
###.#.# #. .... ..#..
..# #
#.#..............#.#
...........##..#.#.#.##
#.#.##..#.<#..........#
........#..#...#.#
..#.###.#..#...#.#
...............#@#
#.#...#.##...#.#g#
#.#............#.# #
..#.###......###.#.#..#
................)..g..#
......†....#..##.#.##.#
###.##.....##?##.# #
#.#....####..#.#
#.#....# ##.#.#


You could see a gnoll.

Vanquished Creatures
  2 black bears
  An ogre (D:5)
  A necrophage (D:5)
  A gnoll sergeant (D:6)
  2 bullfrogs (D:6)
  3 scorpions
  2 howler monkeys (D:5)
  4 jellies
  4 hounds (D:5)
  Jessica (D:3)
  2 iguanas
  4 orc wizards
  7 gnolls (D:6)
  5 adders
  A shadow imp (D:5)
  A white imp (D:6)
  An ufetubus (D:5)
  3 worms
  2 dart slugs
  15 orcs
  7 bats (D:2)
  7 endoplasms
  A giant cockroach (D:4)
  7 goblins
  2 hobgoblins
  3 jackals (D:1)
  3 quokkas
  5 ball pythons
  3 frilled lizards (D:1)
  6 kobolds
  8 rats
114 creatures vanquished.

Vanquished Creatures (others)
  3 plants (D:6)
3 creatures vanquished.

Grand Total: 117 creatures vanquished

Notes
Turn   | Place    | Note
-------+----------+-------------------------------------------
     0 | D:1      | bande the Gargoyle Fighter began the quest for the Orb.
     0 | D:1      | Reached XP level 1. HP: 14/14 MP: 1/1
   183 | D:1      | Reached XP level 2. HP: 19/19 MP: 2/2
   393 | D:1      | Reached skill level 2 in Axes
   610 | D:1      | Reached XP level 3. HP: 24/24 MP: 3/3
   613 | D:1      | Learned a level 2 spell: Blink
   743 | D:2      | Found a shimmering altar of Xom.
  1395 | D:2      | Reached XP level 4. HP: 26/29 MP: 4/4
  1708 | D:3      | Noticed a scorpion
  1717 | D:3      | Killed a scorpion
  1718 | D:3      | Reached skill level 3 in Axes
  1718 | D:3      | Reached skill level 1 in Translocations
  1718 | D:3      | Reached XP level 5. HP: 22/33 MP: 5/5
  1842 | D:3      | Found a transporter.
  2302 | D:3      | Noticed Jessica
  2306 | D:3      | Killed Jessica
  2360 | D:3      | Found a burning altar of Makhleb.
  2468 | D:3      | Noticed IdlyInterested's ghost (amateur DsGl)
  2772 | D:3      | Found a transporter.
  2871 | D:4      | Reached XP level 6. HP: 25/38 MP: 6/6
  2988 | D:4      | Found Lonef's Antique Armour Emporium.
  3113 | D:4      | Found a shadowy altar of Dithmenos.
  3205 | D:4      | Found a staircase to the Ecumenical Temple.
  3214 | Temple   | Entered the Ecumenical Temple
  3290 | D:4      | Reached skill level 4 in Axes
  3603 | D:4      | Found a shimmering blue altar of Sif Muna.
  3631 | D:4      | Found an opulent altar of Gozag.
  3873 | D:5      | Entered Level 5 of the Dungeon
  3885 | D:5      | Reached skill level 1 in Evocations
  4012 | D:5      | Reached XP level 7. HP: 39/44 MP: 7/7
  4367 | D:5      | Identified the +1 cloak of the Pink Corner {Dex+4}
  4376 | D:5      | Found a hide-covered altar of Uskayaw.
  4404 | D:6      | Reached skill level 5 in Axes
  4775 | D:5      | Found Pusuw's Antique Weapon Shoppe.
  4917 | D:5      | Reached skill level 5 in Armour
  4917 | D:5      | Reached XP level 8. HP: 45/48 MP: 8/8
  4940 | D:5      | Reached skill level 5 in Fighting
  5323 | D:5      | Found a broken altar of Ashenzari.
  5914 | D:6      | Reached skill level 6 in Axes
  5925 | D:6      | Slain by a gnoll

Illustrated notes

Levels and vault maps discovered:
D:1:      dpeg_arrival_lava_temple_mockup, layout_basic
D:2:      layout_basic, basic_altar
D:3:      layout_loops_ring, lightli_temple_of_fire,
          gammafunk_ghost_abyssal_escape, uniq_jessica
D:4:      layout_rooms, overflow_temple_1_default,
          mainiacjoe_overflow_two_lobes, lemuel_temple_firewalk_a, serial_shops,
          shop_statue
D:5:      layout_basic, nicolae_overflow_hidden_temple,
          mainiacjoe_overflow_surrounded_room, serial_shops,
          nicolae_square_shop, minmay_fractal_squares_diagonal_5
D:6:      layout_basic, nicolae_hepliaklqana_hazy_memory,
          gammafunk_temple_overflow_statue
Temple:   minmay_freezing_vapour_temple

Skill      XL: |  1  2  3  4  5  6  7  8 |
---------------+-------------------------+-----
Axes           | 2 3 4 5 6 |  6.0
Fighting       | 4 5 |  5.1
Translocations | 1 2 3 |  3.5
Armour         | 4 5 |  5.4
Evocations     | 1 2 3 |  3.0
Shields        | 4 |  4.6

Action                   |  1- 3 |  4- 6 |  7- 9 || total
-------------------------+-------+-------+-------++-------
Melee: War axe           |   124 |   125 |   147 ||   396
  Use: Scroll            |     4 |     7 |     3 ||    14
Armor: Scale mail        |    32 |       |       ||    32
       Plate armour      |    59 |   112 |   142 ||   313
Dodge: Dodged            |    65 |    30 |    47 ||   142
Block: Buckler           |    30 |    28 |    10 ||    68
       Kite shield       |       |       |    78 ||    78

Table legend: (Time is in decaauts)
 A = Elapsed time spent in this place.
 B = Non-inter-level travel time spent in this place.
 C = Inter-level travel time spent in this place.
 D = Time resting spent in this place.
 E = Time spent auto-exploring this place.
 F = Levels seen in this place.
 G = Mean time per level.
                   A        B        C        D        E       F      G
               +--------+--------+--------+--------+--------+-----+--------+
         Total |   6074 |   5872 |    202 |    757 |   3967 |   7 |  867.7 |
       Dungeon |   6068 |   5866 |    202 |    757 |   3967 |   6 | 1011.3 |
        Temple |      5 |      5 |      0 |      0 |      0 |   1 |    5.0 |
               +--------+--------+--------+--------+--------+-----+--------+

Top non-repeatable levels by time:
     D:5: 1537 daAuts
     D:3: 1150 daAuts
     D:4: 1049 daAuts
     D:2: 1034 daAuts
     D:1: 725 daAuts
     D:6: 570 daAuts
  Temple: 5 daAuts
